 Dungeon Crawl Stone Soup version 0.15.1-1-gfacfea3 (webtiles) character file.

543 Chiseanne the Fighter (level 7, 0/46 HPs)
             Began as a Spriggan Wanderer on Sept 27, 2014.
             Was a Follower of Cheibriados.
             Succumbed to poison (a potion of poison)
             ... on Level 4 of the Dungeon.
             The game lasted 00:16:35 (4946 turns).

Chiseanne the Fighter (Spriggan Wanderer)           Turns: 4946, Time: 00:16:35

HP   0/46        AC  3     Str  8      XL: 7   Next:  6%
MP  14/14        EV 21     Int 17      God: Cheibriados [*.....]
Gold 136         SH  6     Dex 20      Spells:  1 memorised,  5 levels left

rFire  . . .     SeeInvis +     l - +2 dagger (drain)
rCold  . . .     Clarity  .     c - +1 robe
rNeg   . . .     rCorr    .     f - +0 buckler
rPois  .         rRot     .     (helmet restricted)
rElec  .         Spirit   .     (no cloak)
SustAb .         Warding  .     (gloves unavailable)
rMut   .         Rnd*Tele +     (boots unavailable)
Gourm  .                        o - cursed amulet of inaccuracy
MR     +....                    (no ring)
                                j - cursed ring of teleportation

@: lethally poisoned, somewhat resistant to hostile enchantments, stealthy
A: unfitting armour, see invisible, herbivore 3, speed 3, slow metabolism 2
a: Bend Time, Renounce Religion, Evoke Teleportation


You were on level 4 of the Dungeon.
You worshipped Cheibriados.
Cheibriados was aware of your devotion.
You were completely stuffed.

You visited 1 branch of the dungeon, and saw 4 of its levels.

You collected 136 gold pieces.

Inventory:

Hand weapons
 a - a +3 dagger
 l - a +2 dagger of draining (weapon)
Missiles
 g - 17 poisoned needles
Armour
 c - a +1 robe (worn)
 f - a +0 buckler (worn)
Magical devices
 d - a wand of magic darts (10)
Comestibles
 h - 2 bread rations
Scrolls
 b - a scroll of amnesia
 m - 2 scrolls of fog
Jewellery
 j - a cursed ring of teleportation (left hand)
 o - a cursed amulet of inaccuracy (around neck)


   Skills:
 - Level 10.7 Fighting
 * Level 2.9 Short Blades
   Level 1.5 Axes
 * Level 5.5 Dodging
 * Level 6.3 Stealth
   Level 1.7 Necromancy
 - Level 1.5 Translocations


You had 5 spell levels left.
You knew the following spells:

 Your Spells              Type           Power        Failure   Level  Hunger
a - Apportation           Tloc           #.........   17%         1    ##.....


Dungeon Overview and Level Annotations

Branches:
Dungeon (4/15)
 Temple: D:4-7

Altars:
Ashenzari
Cheibriados
Dithmenos
Qazlal
Sif Muna

Annotations:
D:3 SaintRoka's ghost, average NaEn
D:4 Chiseanne's ghost, average VSWn


Innate Abilities, Weirdness & Mutations

You are tiny and cannot use many weapons and most armour.
You have supernaturally acute eyesight.
You are a herbivore.
You cover ground extremely quickly.
You need consume almost no food.


Message History

You feel sick.
* * * LOW HITPOINT WARNING * * *
You feel sick.
There is an open door here.
* * * LOW HITPOINT WARNING * * *
You feel sick.
* * * LOW HITPOINT WARNING * * *
You feel sick.
There is an open door here.
* * * LOW HITPOINT WARNING * * *
You feel sick.
* * * LOW HITPOINT WARNING * * *
You feel sick.
* * * LOW HITPOINT WARNING * * *
You feel sick.
* * * LOW HITPOINT WARNING * * *
You feel sick.
* * * LOW HITPOINT WARNING * * *
You feel sick.
You die...

......%.......#'##.....#
#....#
...%#'###'#............#
#....+
.(..+..'..'............#
#....#
....#..##'#............#
#....#
##S##'##.%.............#
#....+
#......#...............#
....#
##'##..'...............#
#..###'#...............#
#..#............@......#
#..#....#'##+#.[.......#
#..'....'%'..###'#.....#
#'##....#'##.##..+....%#
...........#.##..#.....#
...........'.##'##.....##
...........#.##.####....#
...........#.'.....'....#
...........#.##.##.#....#


There were no monsters in sight!

Vanquished Creatures
  2 orc priests
  An orc wizard (D:3)
  A worker ant (D:4)
  Ijyb (D:3)
  5 adders
  A giant mite (D:2)
  A worm (D:2)
  An ooze (D:2)
  6 orcs
  7 bats
  5 giant cockroaches
  9 goblins
  10 hobgoblins
  8 jackals (D:2)
  4 quokkas
  A ball python (D:1)
  4 giant geckos
  3 giant newts
  A giant spore (D:4)
  13 kobolds
  A kobold skeleton (D:4)
  11 rats
  A rat skeleton (D:4)
97 creatures vanquished.

Notes
Turn   | Place    | Note
--------------------------------------------------------------
     0 | D:1      | Chiseanne, the Spriggan Wanderer, began the quest for the Orb.
     0 | D:1      | Reached XP level 1. HP: 11/11 MP: 2/2
   148 | D:1      | Reached skill level 1 in Dodging
   557 | D:1      | Reached XP level 2. HP: 16/16 MP: 4/4
  1017 | D:1      | Reached skill level 1 in Short Blades
  1272 | D:1      | Found a snail-covered altar of Cheibriados.
  1322 | D:1      | Became a worshipper of Cheibriados the Contemplative
  1562 | D:2      | Reached XP level 3. HP: 19/19 MP: 6/6
  1604 | D:2      | Reached skill level 4 in Stealth
  2029 | D:2      | Reached XP level 4. HP: 18/23 MP: 8/8
  2752 | D:2      | Found a deep blue altar of Sif Muna.
  3001 | D:2      | Found a shattered altar of Ashenzari.
  3001 | D:2      | Found a stormy altar of Qazlal.
  3084 | D:3      | Reached skill level 5 in Stealth
  3145 | D:3      | Reached XP level 5. HP: 8/27 MP: 10/10
  3390 | D:3      | Found a shadowy altar of Dithmenos.
  3565 | D:3      | Noticed Ijyb
  3570 | D:3      | Killed Ijyb
  3868 | D:3      | Noticed SaintRoka's ghost (average NaEn)
  4232 | D:4      | Reached skill level 5 in Dodging
  4232 | D:4      | Reached skill level 6 in Stealth
  4270 | D:4      | Noticed Chiseanne's ghost (average VSWn)
  4307 | D:4      | HP: 1/27 [poisoned by a worker ant]
  4313 | D:4      | HP: 1/27 [poisoned by a worker ant]
  4479 | D:4      | Reached XP level 6. HP: 17/32 MP: 12/12
  4926 | D:4      | Reached skill level 10 in Fighting
  4926 | D:4      | Reached XP level 7. HP: 10/46 MP: 14/14
  4937 | D:4      | HP: 2/46 [poison (a potion of poison)]
  4944 | D:4      | HP: 1/46 [poison (a potion of poison)]
  4946 | D:4      | Succumbed to poison (a potion of poison)

Action                   |  1- 3 |  4- 6 |  7- 9 || total
-------------------------+-------+-------+-------++-------
Melee: Dagger            |   162 |   231 |       ||   393
Invok: Bend Time         |       |     2 |       ||     2
Evoke: Wand              |       |     3 |       ||     3
  Use: Scroll            |     9 |       |       ||     9
       Potion            |       |     5 |     1 ||     6
 Stab: Sleeping          |     8 |    11 |       ||    19
       Distracted        |       |     1 |       ||     1
  Eat: Bread ration      |       |     1 |       ||     1
